 Dungeon Crawl Stone Soup version 0.24-a0-698-g60d090ba07 (webtiles) character file.

182 JNO the Sneak (level 5, 39/39 HPs)
             Began as a Merfolk Ice Elementalist on May 30, 2017.
             Quit the game on level 4 of the Dungeon on Oct 19, 2021.
             The game lasted 00:22:20 (3883 turns).

JNO the Sneak (Merfolk Ice Elementalist)            Turns: 3883, Time: 00:22:20

Health: 39/39      AC:  3    Str:  8    XL:     5   Next: 62%
Magic:  10/10      EV: 13    Int: 15    God:
Gold:   97         SH:  0    Dex: 15    Spells: 7/10 levels left

rFire    . . .     SeeInvis .   k - +0 dagger
rCold    . . .     Gourm    .   (no shield)
rNeg     . . .     Faith    .   a - +0 robe
rPois    .         Spirit   .   (no helmet)
rElec    .         Reflect  .   d - +0 cloak
rCorr    .         Harm     .   (no gloves)
MR       .....                  (no boots)
Stlth    +++.......             (no amulet)
HPRegen  0.13/turn              (no ring)
MPRegen  0.12/turn              (no ring)

@: no status effects
A: change form in water, swift swim, stealthy swim
a: no special abilities


You were on level 4 of the Dungeon.
You were not hungry.

You visited 1 branch of the dungeon, and saw 4 of its levels.

You collected 97 gold pieces.

Inventory:

Hand Weapons
 e - a +0 short sword
 k - a +0 dagger (weapon)
Missiles
 i - 111 stones (quivered)
Armour
 a - a +0 robe (worn)
 d - a +0 cloak (worn)
Jewellery
 f - a +3 ring of evasion {unknown}
Wands
 p - a wand of flame (24)
Scrolls
 m - a scroll of remove curse {unknown}
 n - a scroll of noise
 o - a scroll of identify {unknown}
 r - 2 scrolls of teleportation
 s - a scroll of amnesia
 t - a scroll of magic mapping
Potions
 g - a potion of magic {unknown}
 l - 2 potions of curing
 q - a potion of lignification {unknown}
 u - a potion of degeneration {unknown}
 x - a potion of brilliance {unknown}
Comestibles
 c - 3 rations
 h - 2 rations
 j - a ration


   Skills:
 + Level 2.3 Fighting
 - Level 2.6 Dodging
 + Level 4.0 Stealth
 + Level 3.4 Spellcasting
 - Level 0.7 Conjurations
 - Level 3.9 Ice Magic


You had 7 spell levels left.
You knew the following spells:

 Your Spells              Type           Power        Failure   Level  Hunger
a - Freeze                Ice            ##..         3%          1    None
b - Throw Frost           Conj/Ice       #.....       11%         2    ##.....

Your spell library contained the following spells:

 Spells                   Type           Power        Failure   Level  Hunger
 Ozocubu's Armour         Chrm/Ice       #.......     26%         3    ###....
 Throw Icicle             Conj/Ice       #.......     58%         4    ####...
 Summon Ice Beast         Ice/Summ       #.......     63%         4    ####...


Dungeon Overview and Level Annotations

Branches:
Dungeon (4/15)
 Temple: D:4-7

Altars:
Ashenzari
Makhleb
Okawaru

Annotations:
D:2 1 exclusion, Crazy Yiuf


Message History

You don't know that spell.
Forget which spell ([?*] list [ESC] exit)?
Okay, then.
Unknown command.
As you read the scroll labeled ZUPTUXACO, it crumbles to dust.
You feel aware of your surroundings.
You sensed 1 shop/portal.
It was a scroll of magic mapping.
Saving game... please wait.
You hear the hiss of flowing sand.
There is an entrance to an ossuary on this level.
Hurry and find it before the portal is buried!
Welcome back, JNO the Merfolk Ice Elementalist.
Press ? for a list of commands and other information.
There is a stone staircase leading up here.
Unknown command.
Okay, then.
Unknown command.
Quiver which item? (- for none, * to show all) (? for menu, Esc to quit)
Okay, then.
Okay, then.
Are you sure you want to abandon this character and quit the game? (Confirm with "yes".)

*** *## *,* *** *.# *** *,* *,**
*#.# *,***,* *.,* #######..#
*,,*,,* *..###........# *,,,,,*
*#<.......@.^.####***,,,,,*
*****#................,,,,,,,,,
**,,,,.................,,,,,,,,*
*,,,,,.........##......,,>,*,,,*
*,8*8,.##.....##,..###.,,****,,*
*,*,*,**##....#,,### *,>** *,,*
*,8*8,,**#.....,** **,,** *,,*
*,,,,,,,#......,* ***,,,,* *,,*
**,,,,,,........#***,,,,,,* *,,*


There were no monsters in sight!

Vanquished Creatures
  A scorpion (D:3)
  A hound (D:4)
  3 adders
  2 dart slugs
  2 leopard geckos
  14 bats
  6 giant cockroaches
  10 goblins
  4 hobgoblins
  3 jackals (D:3)
  8 kobolds
  2 frilled lizards
  9 rats
65 creatures vanquished.

Notes
Turn   | Place    | Note
-------+----------+-------------------------------------------
     0 | D:1      | JNO the Merfolk Ice Elementalist began the quest for the
                  | Orb.
     0 | D:1      | Reached XP level 1. HP: 13/13 MP: 3/3
   229 | D:1      | Reached XP level 2. HP: 19/19 MP: 1/5
   264 | D:1      | Learned a level 2 spell: Throw Frost
   821 | D:1      | Reached XP level 3. HP: 24/24 MP: 4/6
  1640 | D:2      | Reached skill level 3 in Stealth
  1683 | D:2      | Found an iron altar of Okawaru.
  1734 | D:2      | Found a shattered altar of Ashenzari.
  2089 | D:2      | Found a runed door.
  2186 | D:2      | Reached XP level 4. HP: 31/31 MP: 1/8
  2255 | D:2      | Found a burning altar of Makhleb.
  2370 | D:2      | Noticed Crazy Yiuf
  2545 | D:2      | Upgraded the game from 0.21-a0-38-g95c5c02 to
                  | 0.21-a0-39-g28ea6b7
  2638 | D:3      | Reached skill level 1 in Fighting
  3508 | D:3      | Reached XP level 5. HP: 25/38 MP: 2/10
  3831 | D:4      | Reached skill level 4 in Stealth
  3883 | D:4      | Quit the game

Levels and vault maps discovered:
D:1:      enne_arrival_octagon_isle
D:2:      evilmike_ruin_ashenzari, makhleb_grotto_becter, marbit_many_paths,
          first_bread, uniq_crazy_yiuf_cottage
D:3:      serial_bayou_pond_c
D:4:      enter_ossuary_3, minmay_statues_item, minmay_misc_feat_square,
          minmay_vboxes

Skill      XL: |  1  2  3  4  5 |
---------------+----------------+-----
Stealth        | 3 4 |  4.0
Fighting       | 2 |  2.3
Spellcasting   | 3 |  3.4
Dodging        | |  2.6
Conjurations   | |  0.7
Ice Magic      | |  3.9

Action                   |  1- 3 |  4- 6 || total
-------------------------+-------+-------++-------
Melee: Short sword       |    38 |       ||    38
       Dagger            |    20 |    50 ||    70
Throw: Stone             |     1 |       ||     1
 Cast: Freeze            |    25 |    31 ||    56
       Throw Frost       |    19 |    16 ||    35
Evoke: Wand              |       |     5 ||     5
  Use: Scroll            |       |     5 ||     5
 Stab: Sleeping          |     6 |     2 ||     8
  Eat: Chunk             |     4 |     3 ||     7
       Buggy ration      |       |     1 ||     1
       Buggy jelly       |       |     1 ||     1
Armor: Robe              |    17 |    33 ||    50
Dodge: Dodged            |    71 |    59 ||   130

Table legend:
 A = Non-vault XP
 B = Vault XP
 C = Vault XP percentage of total XP
 D = Non-vault monster count
 E = Vault monster count
 F = Vault count percentage of total count
                 A         B        C        D         E       F
            +---------+---------+-------+---------+---------+-------
      Total |       0 |       0 |   N/A |       0 |       0 |  -nan
            +---------+---------+-------+---------+---------+-------
            +---------+---------+-------+---------+---------+-------
